 Dungeon Crawl Stone Soup version 0.28.0 (webtiles) character file.

Game seed: 12056632442805258986

1 themarg the Stinger (level 1, -1/13 HPs)
             Began as a Gnoll Wanderer on Feb 6, 2022.
             Slain by a quokka (2 damage)
             ... on level 1 of the Dungeon.
             The game lasted 00:00:28 (23 turns).

themarg the Stinger (Gnoll Wanderer)                  Turns: 23, Time: 00:00:29

Health: -1/13      AC:  2    Str:  8    XL:     1   Next: 20%
Magic:  4/4        EV: 11    Int: 11    God:
Gold:   0          SH:  0    Dex: 14    Spells: 4/5 levels left

rFire   . . .      SeeInvis .   a - +0 spear
rCold   . . .      Faith    .   (no shield)
rNeg    . . .      Spirit   .   c - +0 robe
rPois   .          Reflect  .   (no helmet)
rElec   .          Harm     .   (no cloak)
rCorr   .          Rampage  .   (no gloves)
Will    .....                   (no boots)
Stlth   ++........              (no amulet)
HPRegen 0.04/turn               (no ring)
MPRegen 0.09/turn               (no ring)

@: no status effects
A: fangs 1, strong nose, distributed training
a: no special abilities


You were on level 1 of the Dungeon.
You visited 1 branch of the dungeon, and saw 1 of its levels.

Inventory:

Hand Weapons
 a - a +0 spear (weapon)
Armour
 c - a +0 robe (worn)
Wands
 b - a wand of flame (5)


   Skills:
 + Level 0.0 Fighting
 + Level 0.0 Short Blades
 + Level 0.0 Long Blades
 + Level 0.0 Axes
 + Level 0.0 Maces & Flails
 + Level 4.4 Polearms
 + Level 0.0 Staves
 + Level 0.0 Slings
 + Level 0.0 Bows
 + Level 0.0 Crossbows
 + Level 2.3 Throwing
 + Level 0.0 Armour
 + Level 0.0 Dodging
 + Level 2.1 Stealth
 + Level 0.0 Shields
 + Level 0.0 Unarmed Combat
 + Level 2.6 Spellcasting
 + Level 0.0 Conjurations
 + Level 0.0 Hexes
 + Level 0.0 Summonings
 + Level 0.0 Necromancy
 + Level 0.0 Translocations
 + Level 0.0 Transmutations
 + Level 0.0 Fire Magic
 + Level 0.0 Ice Magic
 + Level 0.0 Air Magic
 + Level 0.0 Earth Magic
 + Level 5.3 Poison Magic
 + Level 0.0 Invocations
 + Level 4.4 Evocations


You had 4 spell levels left.
You knew the following spells:

 Your Spells              Type           Power      Damage    Failure   Level
a - Sting                 Tmut/Pois      28%        1d4       10%         1

Your spell library contained the following spells:

 Spells                   Type           Power      Damage    Failure   Level
 Ignite Poison            Fire/Tmut/Pois 5%         N/A       36%         3
 Mephitic Cloud           Conj/Pois/Air  5%         N/A       36%         3


Dungeon Overview and Level Annotations

Branches:
Dungeon (1/15)

Altars:


Innate Abilities, Weirdness & Mutations

You have very sharp teeth.
Your uncanny sense of smell can sniff out nearby items.
Your experience applies equally to all skills.


Message History

Welcome, themarg the Gnoll Wanderer.
You feel drawn to the Orb of Zot, downwards into the unfathomable depths...
Press ? for a list of commands and other information.
Found 4 poisoned darts.
Found a staircase leading out of the dungeon.
You begin with the following items: a +0 spear, a wand of flame (5), a +0 robe; and the following spell memorised: Sting; and the following spells available to memorise: Ignite Poison, Mephitic Cloud.
Okay, then.
You are already wielding that!
Okay, then.
A goblin comes into view. It is wielding a +0 dagger.
The goblin shouts!
You see here a glowing white potion.
A quokka comes into view.
The goblin hits you with a +0 dagger.
You barely miss the goblin. You miss the goblin.
The goblin hits you with a +0 dagger.
You hit the goblin. Your bite misses the goblin.
The goblin is severely wounded.
The goblin closely misses you.
You hit the goblin.
You kill the goblin!
The quokka bites you.
You miss the quokka. Your bite misses the quokka.
The quokka closely misses you.
You hit the quokka but do no damage. The quokka misses you.
You hit the quokka.
The quokka is heavily wounded.
The quokka bites you.
* * * LOW HITPOINT WARNING * * *
The quokka bites you.
You die...

∆ ############
##.....#.....
##............
#.............
#...r..)......
#..@#######...
#.### ∆ #...#
###.## #....#
#..#......# #
#..########
#...###.#...#
#....<....#


You could see a quokka.

Vanquished Creatures
  A goblin (D:1)
1 creature vanquished.

Notes
Turn   | Place    | Note
-------+----------+-------------------------------------------
     0 | D:1      | themarg the Gnoll Wanderer began the quest for the Orb.
     0 | D:1      | themarg set off with the following items: a +0 spear, a
                  | wand of flame (5), a +0 robe; and the following spell
                  | memorised: Sting; and the following spells available to
                  | memorise: Ignite Poison, Mephitic Cloud
     0 | D:1      | Reached XP level 1. HP: 13/13 MP: 4/4
    23 | D:1      | Slain by a quokka

Illustrated notes

Levels and vault maps discovered:
D:1:      psy_arrival_radial01, layout_rooms

Action                   || total
-------------------------++-------
Melee: Spear             ||     7
Dodge: Dodged            ||     3
